 Dungeon Crawl Stone Soup version 0.31-a0-848-gaac375c287 (webtiles) character file.

Game seed: 8526683305654754561

382 LeprechaunX the Changeling (level 6, 0/41 HPs)
             Began as an Octopode Shapeshifter on Oct 4, 2023.
             Slain by an orc wizard
             ... wielding a +0 dagger
              (4 damage)
             ... on level 4 of the Dungeon.
             The game lasted 00:03:29 (2733 turns).

LeprechaunX the Changeling (Octopode Shapeshifter)  Turns: 2733, Time: 00:03:29

Health: 0/41       AC:  1    Str: 15    XL:     6   Next: 76%
Magic:  8/8        EV: 14    Int: 12    God:
Gold:   220        SH:  0    Dex: 18    Spells: 6/8 levels left

rFire   . .          .
                       - Unarmed
rCold   . . .        (no shield)
rNeg    . . .        (helmet currently unavailable)
rPois   .            (no amulet)
rElec   .            p - +6 ring of dexterity
rCorr   .            (no ring)
SInv    .            (no ring)
Will    .....        (no ring)
Stlth   +++          (no ring)
HPRegen 0.26/turn    (no ring)
MPRegen 0.11/turn    (no ring)
                     (no ring)

%: no passive effects
@: beast-form
A: beast (slay +2), almost no armour, amphibious, 8 rings, camouflage 1,
gelatinous body 1, (nimble swimmer 1), tentacles
a: Begin Untransformation


You were on level 4 of the Dungeon.
You were a hulking beast.
You visited 1 branch of the dungeon, and saw 4 of its levels.

You collected 220 gold pieces.

Inventory:

Hand Weapons
 a - a +0 sling
Jewellery
 f - an amulet of magic regeneration
 p - a +6 ring of dexterity (left tentacle)
Talismans
 b - a beast talisman (active)
 c - a flux talisman
Scrolls
 d - a scroll of revelation {unknown}
 g - a scroll of fear {unknown}
 h - 2 scrolls of fog {unknown}
 i - 2 scrolls of blinking {unknown}
 k - 2 scrolls of teleportation {unknown}
 l - a scroll of identify {unknown}
 m - 2 scrolls of enchant armour {unknown}
 o - a scroll of summoning {unknown}
 r - a scroll of immolation {unknown}
Potions
 e - a potion of degeneration {unknown}
 j - 2 potions of might {unknown}
 n - a potion of haste {unknown}
 q - a potion of cancellation {unknown}
 s - a potion of attraction {unknown}


   Skills:
 + Level 2.6 Fighting
 + Level 3.2 Dodging
 + Level 3.9 Unarmed Combat
 + Level 1.9 Spellcasting
 + Level 1.8 Translocations
 * Level 4.4 Shapeshifting


You had 6 spell levels left.
You knew the following spells:

 Your Spells              Type           Power      Damage    Failure   Level
a - Blink                 Tloc           10%        N/A       21%         2

Your spell library contained the following spells:

 Spells                   Type           Power      Damage    Failure   Level
 Apportation              Tloc           10%        N/A       13%         1
 Lesser Beckoning         Tloc           10%        N/A       21%         2
 Freeze                   Ice            4%         1d3       28%         1
 Magic Dart               Conj           4%         1d3       28%         1
 Momentum Strike          Conj/Tloc      6%         3d8       28%         2
 Call Imp                 Summ           2%         N/A       38%         2
 Jinxbite                 Hex            2%         N/A       38%         2
 Static Discharge         Conj/Air       2%         2-3/arc   38%         2
 Frozen Ramparts          Ice            2%         1d1       63%         3
 Hailstorm                Conj/Ice       1%         3d3       63%         3
 Mephitic Cloud           Conj/Pois/Air  1%         N/A       63%         3
 Airstrike                Air            0%         2d(1-17)  95%         4
 Summon Lightning Spire   Summ/Air       1%         N/A       95%         4
 Alistair's Intoxication  Tmut/Pois      0%         N/A       100%        5


Dungeon Overview and Level Annotations

Branches:
Dungeon (4/15)
 Temple: D:4-7

Altars:
Fedhas
Nemelex Xobeh
The Shining One


Innate Abilities, Weirdness & Mutations

You are a hulking beast.
Your limbs bulge with bestial killing power. (Slay +2)
You cannot wear most types of armour.
You are amphibious.
You can wear up to eight rings at the same time.
Your skin changes colour to match your surroundings (Stealth+).
Your rubbery body absorbs attacks. (AC +1, EV +1)
((You are camouflaged when in or above water. (Stealth+)))
You have tentacles for arms and can constrict up to eight enemies at once.


Message History

You tentacle-slap the orc wizard.
The orc wizard is almost dead.
You constrict the orc wizard.
You kill the orc wizard!
The orc wizard casts a spell at you.
You are confused.
An endoplasm comes into view.
You bump into the rock wall.
The orc wizard hits you with a +0 dagger.
The orc priest calls down the wrath of Beogh upon you.
Beogh smites you!
The endoplasm quivers.
The orc wizard attacks as it pursues you!
The orc wizard barely misses you.
You bump into the rock wall.
The orc wizard hits you with a +0 dagger.
The orc priest casts a cantrip, but nothing happens.
You bump into the rock wall.
The orc wizard hits you with a +0 dagger.
* * * LOW HITPOINT WARNING * * *
You feel less confused.
The orc wizard casts a spell.
The orc wizard flickers and vanishes!
Deactivating autopickup; reactivate with Ctrl-A.
The orc priest attacks as it pursues you!
The orc priest closely misses you. Something hits you.
* * * LOW HITPOINT WARNING * * *
Unknown command.
The orc priest attacks as it pursues you!
The orc priest hits you with a +0 whip.
* * * LOW HITPOINT WARNING * * *
You tentacle-slap the orc priest. Your grab misses the orc priest.
The orc priest is lightly wounded.
The orc priest hits you with a +0 whip.
* * * LOW HITPOINT WARNING * * *
You barely miss the orc priest. You grab the orc priest.
The orc priest is lightly wounded.
You constrict the orc priest. The orc priest barely misses you.
Something hits you.
You die...

. ...#################.
.....................
......).......####
.##...)#..###....######
####.##....Joh......#
......?.#####......<#
#.......# ##......#
##......# #......#
######## ########


You could see an orc priest and an endoplasm.

Vanquished Creatures
  Grinder (D:3)
  An orc priest (D:3)
  2 orc wizards
  2 adders (D:3)
  4 dart slugs
  2 orcs (D:3)
  7 bats
  9 endoplasms
  7 giant cockroaches
  8 goblins
  8 hobgoblins
  4 jackals (D:1)
  7 kobolds
  3 quokkas (D:1)
  6 ball pythons
  3 frilled lizards
  5 rats
79 creatures vanquished.

Notes
Turn   | Place    | Note
-------+----------+-------------------------------------------
     0 | D:1      | LeprechaunX the Octopode Shapeshifter began the quest for
                  | the Orb.
     0 | D:1      | Reached XP level 1. HP: 13/13 MP: 1/1
    70 | D:1      | Reached XP level 2. HP: 18/18 MP: 2/2
   135 | D:1      | Found a faded altar of an unknown god.
   235 | D:1      | Reached XP level 3. HP: 23/23 MP: 3/3
   238 | D:1      | Learned a level 2 spell: Blink
   966 | D:2      | Reached XP level 4. HP: 29/29 MP: 4/4
  1523 | D:3      | Found a large runed translucent door.
  1560 | D:3      | Found a glowing golden altar of the Shining One.
  1706 | D:3      | Noticed Grinder
  1730 | D:3      | Reached skill level 1 in Spellcasting
  1742 | D:3      | Paralysed by Grinder for 4 turns
  1755 | D:3      | Killed Grinder
  1756 | D:3      | Reached skill level 1 in Translocations
  1756 | D:3      | Reached skill level 4 in Shapeshifting
  1756 | D:3      | Reached XP level 5. HP: 13/35 MP: 5/7
  1756 | D:3      | Reached XP level 6. HP: 15/41 MP: 5/8
  1978 | D:3      | Found a large runed translucent door.
  2136 | D:3      | Found a blossoming altar of Fedhas.
  2151 | D:3      | Found a sparkling altar of Nemelex Xobeh.
  2733 | D:4      | Slain by an orc wizard

Illustrated notes

Levels and vault maps discovered:
D:1:      dpeg_arrival_rooms_c, layout_basic, hellmonk_ecumenical_altar_run_dry,
          item_on_display_b
D:2:      layout_loops_ring
D:3:      layout_basic, mainiacjoe_overflow_concentric_impassable,
          jmf_multi_god_temple2, minmay_crystal_room,
          nicolae_figureground_sparkle, uniq_grinder
D:4:      layout_rooms, uniq_sigmund, uniq_robin

Skill      XL: |  1  2  3  4 |
---------------+-------------+-----
Spellcasting   | 1 |  1.9
Fighting       | 2 |  2.6
Dodging        | 3 |  3.2
Translocations | 1 |  1.8
Shapeshifting  | 4 |  4.4
Unarmed Combat | |  3.9

Action                     |  1- 3 |  4- 6 || total
---------------------------+-------+-------++-------
  Melee: Unarmed           |    86 |    83 ||   169
         Constrict         |    22 |    15 ||    37
         Punch             |     4 |     1 ||     5
         Tentacles         |    14 |    11 ||    25
    Use: Potion            |       |     1 ||     1
   Stab: Sleeping          |     5 |    11 ||    16
 Armour: Skin              |    31 |    42 ||    73
  Dodge: Dodged            |    59 |    36 ||    95

Table legend: (Time is in decaauts)
 A = Elapsed time spent in this place.
 B = Non-inter-level travel time spent in this place.
 C = Inter-level travel time spent in this place.
 D = Time resting spent in this place.
 E = Time spent auto-exploring this place.
 F = Levels seen in this place.
 G = Mean time per level.
                   A        B        C        D        E       F      G
               +--------+--------+--------+--------+--------+-----+--------+
         Total |   2721 |   2630 |     91 |    126 |   1983 |   4 |  680.2 |
       Dungeon |   2721 |   2630 |     91 |    126 |   1983 |   4 |  680.2 |
               +--------+--------+--------+--------+--------+-----+--------+

Top non-repeatable levels by time:
     D:3: 1223 daAuts
     D:1: 818 daAuts
     D:2: 645 daAuts
     D:4: 33 daAuts
